 Dungeon Crawl Stone Soup version 0.25.0-26-g0c896c7088 (webtiles) character file.

Game seed: 13038938125717182023

399 xccam the Insei (level 6, -6/42 HPs)
             Began as an Octopode Monk on July 2, 2020.
             Was a Follower of Uskayaw.
             Mangled by a gnoll
             ... wielding a +0 flail
              (9 damage)
             ... on level 5 of the Dungeon.
             The game lasted 00:06:01 (4270 turns).

xccam the Insei (Octopode Monk)                     Turns: 4270, Time: 00:06:01

Health: -6/42      AC:  1    Str: 10    XL:     6   Next: 84%
Magic:  3/6        EV: 14    Int: 13    God:    Uskayaw [*.....]
Gold:   160        SH:  5    Dex: 16    Spells: 5/5 levels left

rFire    . . .     SeeInvis .     - Unarmed
rCold    . . .     Gourm    .   g - +0 buckler
rNeg     . . .     Faith    .   (helmet restricted)
rPois    .         Spirit   .   (no amulet)
rElec    .         Reflect  .   (no ring)
rCorr    .         Harm     .   (no ring)
MR       .....                  (no ring)
Stlth    +++.......             (no ring)
HPRegen  0.14/turn              (no ring)
MPRegen  0.10/turn              (no ring)
                                (no ring)
                                (no ring)

@: marked
A: almost no armour, stealthy swim, amphibious, 8 rings, constrict 8, camouflage
1, gelatinous body 1
a: Stomp, Renounce Religion


You were on level 5 of the Dungeon.
You worshipped Uskayaw.
Uskayaw was noncommittal.
You were hungry.

You visited 1 branch of the dungeon, and saw 5 of its levels.

You collected 160 gold pieces.

Inventory:

Armour
 g - a +0 buckler (worn)
Magical Staves
 m - an uncursed staff of earth
Wands
 b - a wand of random effects (16)
Scrolls
 d - 3 scrolls of blinking {unknown}
 e - a scroll of teleportation {unknown}
 f - a scroll of random uselessness {unknown}
 i - 4 scrolls of remove curse
 j - a scroll of identify
Potions
 h - 2 potions of stabbing
 k - 2 potions of invisibility {unknown}
Comestibles
 a - 8 rations


   Skills:
 - Level 3.0 Fighting
 - Level 3.0 Dodging
 - Level 2.6 Stealth
 + Level 4.2 Shields
 - Level 6.0 Unarmed Combat


You had 5 spell levels left.
You didn't know any spells.
Your spell library was empty.

Dungeon Overview and Level Annotations

Branches:
Dungeon (5/15)
 Temple: D:4-7

Altars:
Hepliaklqana
Uskayaw


Innate Abilities, Weirdness & Mutations

You cannot wear most types of armour.
You are very stealthy in the water. (Stealth+)
You are amphibious.
You can wear up to eight rings at the same time.
You can use your tentacles to constrict eight enemies at once.
Your skin changes colour to match your surroundings (Stealth+).
Your rubbery body absorbs attacks. (AC +1, EV +1)


Message History

Unknown command.
Okay, then.
Okay, then.
You feel better.
The gnoll hits you from afar with a +0 spear!
* * * LOW HITPOINT WARNING * * *
The hound stops to sniff the ground.
You block the hound's attack. The gnoll closely misses you.
Unknown command.
You feel better. The hound bites you.
* * * LOW HITPOINT WARNING * * *
You block the gnoll's attack. The gnoll barely misses you.
The hound closely misses you.
Found a robe.
The hound closely misses you.
The gnoll pulls the alarm!
The alarm trap emits a blaring wail!
A sentinel's mark forms upon you. The gnoll hits you with a +0 flail!
You die...

.####.#..........
...#............#
.#<(.#.......#..#
.###)........#..# .#
##$#%....o#..#### .#
.#....(.g.....# .#
.#....#.#..##. ..
.........gggg#####..#
.
......(...ggh@.>..[.#
######.###########.##
#.. ###


You could see a hound, 7 gnolls and an orc.

Vanquished Creatures
  An orc warrior (D:3)
  2 orc priests (D:3)
  Natasha (thrice) (D:2)
  A worker ant (D:4)
  A gnoll (D:5)
  A worker ant zombie (D:5)
  4 adders (D:2)
  An ooze (D:3)
  2 worms
  4 dart slugs
  2 leopard geckos (D:1)
  5 orcs
  8 bats
  2 giant cockroaches (D:1)
  6 goblins
  4 hobgoblins
  4 jackals (D:3)
  10 kobolds
  A quokka (D:4)
  A ball python (D:2)
  7 frilled lizards
  11 rats
81 creatures vanquished.

Notes
Turn   | Place    | Note
-------+----------+-------------------------------------------
     0 | D:1      | xccam the Octopode Monk began the quest for the Orb.
     0 | D:1      | Reached XP level 1. HP: 16/16 MP: 1/1
   212 | D:1      | Reached XP level 2. HP: 21/21 MP: 2/2
   376 | D:1      | Reached skill level 4 in Unarmed Combat
   400 | D:1      | Reached XP level 3. HP: 26/26 MP: 3/3
  1093 | D:2      | Reached XP level 4. HP: 31/31 MP: 4/4
  1098 | D:2      | Noticed Natasha
  1107 | D:2      | Killed Natasha
  1107 | D:2      | Reached skill level 5 in Unarmed Combat
  1324 | D:2      | Noticed Natasha
  1335 | D:2      | Killed Natasha
  1335 | D:2      | Reached XP level 5. HP: 24/36 MP: 5/5
  2379 | D:3      | Reached skill level 6 in Unarmed Combat
  2565 | D:3      | Reached skill level 1 in Shields
  2584 | D:3      | Reached XP level 6. HP: 22/42 MP: 6/6
  2779 | D:3      | Noticed an orc warrior
  2817 | D:3      | Killed an orc warrior
  3302 | D:2      | Noticed Natasha
  3309 | D:2      | Killed Natasha
  3634 | D:4      | Found a hide-covered altar of Uskayaw.
  3747 | D:4      | Became a worshipper of Uskayaw the Reveler
  3747 | D:4      | Reached * piety under Uskayaw
  3789 | D:4      | Found a hazy altar of Hepliaklqana.
  3960 | D:4      | Reached ** piety under Uskayaw
  4169 | D:5      | Entered Level 5 of the Dungeon
  4266 | D:5      | HP: 1/42 [gnoll/+0 spear (11)]
  4270 | D:5      | Mangled by a gnoll

Illustrated notes

Levels and vault maps discovered:
D:1:      heliophobic_arrival_henge, layout_loops_ring
D:2:      layout_loops_corners, first_ration, uniq_natasha
D:3:      layout_loops_cross, portal_sewer_entry_e
D:4:      layout_basic, kennysheep_mini_moat, lemuel_doored_altar
D:5:      layout_loops_ring, nicolae_overflow_hidden_temple,
          lemuel_coloured_pillars_altar, minmay_temple_entry_poolview

Skill      XL: |  1  2  3  4  5  6 |
---------------+-------------------+-----
Unarmed Combat | 4 5 6 |  6.0
Shields        | 2 4 |  4.2
Fighting       | |  3.0
Dodging        | |  3.0
Stealth        | |  2.6

Action                   |  1- 3 |  4- 6 || total
-------------------------+-------+-------++-------
Melee: Unarmed           |    54 |   116 ||   170
       Constrict         |    19 |    30 ||    49
       Tentacles         |    12 |    20 ||    32
       Punch             |     1 |     5 ||     6
Invok: Line Pass         |       |     1 ||     1
  Use: Scroll            |       |     3 ||     3
       Potion            |       |     4 ||     4
 Stab: Sleeping          |    15 |    14 ||    29
  Eat: Chunk             |     1 |     9 ||    10
Armor: Skin              |     6 |     6 ||    12
Dodge: Dodged            |    32 |    62 ||    94
Block: Buckler           |       |    14 ||    14
